 Dungeon Crawl Stone Soup version 0.25-a0-576-g50b708a4c4 (webtiles) character file.

Game seed: 6007161061916322210, levelgen mode: deterministic

64549 Flugslaktarn the Severer (level 14, -14/135 HPs)
             Began as a Deep Dwarf Fighter on Mar 2, 2020.
             Was the Champion of Makhleb.
             Demolished by a wolf spider (15 damage)
             ... on level 3 of the Spider Nest.
             The game lasted 00:10:40 (12879 turns).

Flugslaktarn the Severer (Deep Dwarf Fighter)      Turns: 12879, Time: 00:10:41

Health: -14/135    AC:  7    Str: 24    XL:     14   Next: 72%
Magic:  7/7        EV:  7    Int: 10    God:    Makhleb [******]
Gold:   3833       SH:  0    Dex: 12    Spells: 13/13 levels left

rFire    . . .     SeeInvis .   m - +6 battleaxe
rCold    . . .     Gourm    .   (shield currently unavailable)
rNeg     + . .     Faith    .   i - +0 plate armour
rPois    +         Spirit   .   b - +2 hat
rElec    .         Reflect  .   P - +0 cloak
rCorr    .         Harm     .   y - +2 pair of gloves
MR       ++...                  I - +1 pair of boots
Stlth    ..........             l - amulet of the acrobat
HPRegen  0.00/turn              o - ring of poison resistance
MPRegen  0.10/turn              p - +2 ring of protection

@: corroded, non-regenerating
A: damage resistance, heal wounds, negative energy resistance 1, sense
surroundings 2, no regeneration
a: Heal Wounds, Minor Destruction, Lesser Servant of Makhleb, Major Destruction,
Greater Servant of Makhleb, Renounce Religion


You were on level 3 of the Spider Nest.
You worshipped Makhleb.
Makhleb was exalted by your worship.
You were not hungry.

You visited 4 branches of the dungeon, and saw 22 of its levels.

You collected 3833 gold pieces.

Inventory:

Hand Weapons
 a - a +0 war axe
 m - a +6 battleaxe (weapon)
   (You took it off a wight on level 6 of the Dungeon)
 s - a +0 broad axe
   (You took it off an orc warrior on level 9 of the Dungeon)
 A - a +2 hand axe of venom
   (You found it on level 6 of the Dungeon)
Missiles
 f - 5 throwing nets (quivered)
Armour
 b - a +2 hat (worn)
   (You took it off Gastronok on level 11 of the Dungeon)
 c - a +0 kite shield
 i - a +0 plate armour (worn)
   (You took it off an orc warrior on level 9 of the Dungeon)
 y - a +2 pair of gloves (worn)
   (You found it on level 8 of the Dungeon)
 I - a +1 pair of boots (worn)
   (You found it on level 11 of the Dungeon)
 M - the cursed +0 scale mail of the Monk {Slay+3, unknown}
   (You found it on level 13 of the Dungeon)

   It affects your accuracy and damage with ranged weapons and melee attacks
   (+3).
   If you switch to wearing this armour, your AC will decrease by 6 (7 -> 1).
   It has a curse placed upon it.
 P - a +0 cloak (worn)
   (You found it on level 13 of the Dungeon)
Jewellery
 k - the ring of the Shining Light {rElec rF- rCorr Dex+2}
   (You found it on level 6 of the Dungeon)

   [ring of resist corrosion]

   It affects your dexterity (+2).
   It makes you vulnerable to fire.
   It insulates you from electricity.
   It provides partial protection from all sources of acid and corrosion.
 l - an amulet of the acrobat (around neck)
   (You found it on level 6 of the Dungeon)
 o - a ring of poison resistance (left hand)
   (You found it on level 5 of the Dungeon)
 p - a +2 ring of protection (right hand)
   (You found it on level 9 of the Dungeon)
 r - a cursed ring of teleportation {unknown}
   (You found it on level 2 of the Spider Nest)
 G - an uncursed ring of magical power {unknown}
   (You found it on level 11 of the Dungeon)
 L - a cursed ring of flight {unknown}
   (You found it on level 12 of the Dungeon)
 T - an uncursed amulet of faith {unknown}
   (You found it on level 3 of the Lair of Beasts)
Wands
 v - a wand of digging (5)
   (You found it on level 5 of the Dungeon)
 C - a wand of enslavement (14)
   (You found it on level 10 of the Dungeon)
 J - a wand of clouds (5)
   (You found it on level 3 of the Lair of Beasts)
 O - a wand of acid (26)
   (You found it on level 13 of the Dungeon)
Scrolls
 g - 2 scrolls of holy word
 j - 4 scrolls of fear
 t - 13 scrolls of teleportation
 x - 8 scrolls of remove curse
 z - a scroll of blinking
 D - a scroll of immolation
 E - a scroll of fog
 H - a scroll of magic mapping
Potions
 d - 3 potions of might
 h - 3 potions of haste
 n - a potion of resistance
 q - 2 potions of curing
 u - a potion of magic
 w - a potion of heal wounds
 B - a potion of lignification
 F - a potion of cancellation
 K - a potion of mutation
 N - 2 potions of berserk rage {unknown}
 Q - 2 potions of ambrosia {unknown}
 R - a potion of stabbing
 S - a potion of brilliance {unknown}
Comestibles
 e - 36 rations
 U - 7 chunks of flesh


   Skills:
 + Level 11.3 Fighting
 * Level 17.4 Axes
 + Level 13.2 Armour
 - Level 6.3 Shields
 + Level 13.2 Invocations


You had 13 spell levels left.
You didn't know any spells.
Your spell library was empty.

Dungeon Overview and Level Annotations

Branches:
Dungeon (15/15)            Temple (1/1) D:4            Lair (3/6) D:8
 Spider (3/4) Lair:2          Orc (0/2) D:9          Vaults (0/5) D:13
 Depths (0/5) D:15
  Swamp: Lair:2-4    Shoals: Lair:2-4

Altars:
Ashenzari
Cheibriados
Dithmenos
Fedhas
Gozag
Hepliaklqana
Kikubaaqudgha
Makhleb
Nemelex Xobeh
Qazlal
Ru
Sif Muna
Trog
Uskayaw
Vehumet
Wu Jian
Xom
Yredelemnul
Zin
The Shining One

Shops:
D:7 :


Innate Abilities, Weirdness & Mutations

You are resistant to damage.
You can heal yourself by infusing magical energy.
You resist negative energy. (rN+)
You passively map the area around you.
You do not regenerate.


Message History

The redback completely misses you.
The orb of destruction moves out of view.
The redback misses you. The wolf spider hits you!
* * * LOW HITPOINT WARNING * * *
The wolf spider barely misses you.
You are too injured to fight recklessly!
You completely miss the wolf spider.
The wolf spider is moderately wounded.
You hit the redback.
The redback bites you but does no damage.
The wolf spider hits you!!
* * * LOW HITPOINT WARNING * * *
The wolf spider bites you!
* * * LOW HITPOINT WARNING * * *
The redback bites you.
* * * LOW HITPOINT WARNING * * *
You slice the wolf spider!!
The wolf spider is severely wounded.
You slice the redback!! The wolf spider hits you!
You die...

,* , * * ≈ , *^ *
#^. ≈s# , ##..###,*
* , * , #...... .
,* , * **, *
#.....#≈ ### , , *
.....^##..# * *
**###........# * *
, ,* #......s..# ,
* , , #......s@# ,,
, * , *.........##
, ,(....>.### * , ,
,.#..... ,,^
###....#≈ * *
,...#...
,##........ * * ,
,.......##
##......... , ,
,.........
........# ,,
........###......≈#
,* , ,
.......s#^......#
≈≈


You could see a wolf spider and a redback.

Vanquished Creatures
  Gastronok (D:11)
  Kirke (D:12)
  Agnes (D:14)
  Azrael (D:13)
  Josephine (D:12)
  6 two-headed ogres
  2 centaur warriors (D:13)
  5 tengu warriors
  A queen ant (Lair:2)
  Urug (D:13)
  Nergalle (D:10)
  4 unseen horrors
  An orb spider (Spider:2)
  A deep elf mage (D:14)
  A wolf spider zombie (D:13)
  6 wolf spiders
  7 ugly things
  2 cyclopes
  3 manticores
  A centaur zombie (D:13)
  2 spiny frogs (Lair:2)
  3 gargoyles
  3 demonic crawlers
  5 komodo dragons
  2 kobold demonologists (D:13)
  4 trolls
  A queen bee (Lair:2)
  5 jumping spiders
  A merfolk (D:10)
  Prince Ribbit (D:5)
  A hornet (D:10)
  7 hippogriffs
  6 slime creatures
  18 redbacks
  A shadow (D:11)
  10 tarantellas
  A vampire (D:12)
  8 wraiths
  2 centaur simulacra
  26 yaks
  Sigmund (D:5)
  2 wyverns (Lair:2)
  2 hogs (D:12)
  A fire elemental (D:13)
  16 humans (D:13)
  2 hungry ghosts
  3 basilisks
  5 vampire mosquitoes
  A swamp worm (Lair:3)
  A warg (D:9)
  A steam dragon (D:13)
  An acid dragon (D:13)
  10 soldier ants
  2 hydra simulacra (Lair:3)
  5 water moccasins
  4 hell hounds (D:13)
  8 orc warriors
  9 porcupines
  3 black bears
  A phantom (D:6)
  5 ice beasts
  4 sky beasts
  10 ogres
  A black mamba simulacrum (Lair:3)
  A necrophage (D:7)
  9 centaurs
  2 wolves (D:8)
  7 crocodiles
  A big kobold (D:14)
  Blork the orc (D:5)
  7 bullfrogs
  A wyvern zombie (D:14)
  5 scorpions
  37 killer bees
  12 wights
  3 howler monkeys
  An electric eel (Lair:3)
  8 crimson imps
  2 quasits
  4 bullfrog skeletons
  A gnoll shaman (D:7)
  3 orc priests
  7 hounds
  A human zombie (D:6)
  3 jellies
  4 iguanas
  3 centaur skeletons
  11 orc wizards
  24 worker ants
  2 hell rats (Lair:2)
  2 bullfrog simulacra (Lair:3)
  A hound zombie (D:10)
  A hound skeleton (D:6)
  10 adders
  5 gnolls (D:7)
  A shadow imp (D:11)
  An ooze (D:3)
  2 adder zombies
  2 adder skeletons
  A worm (D:4)
  A leopard gecko (D:4)
  29 orcs
  4 giant cockroaches
  A goblin (D:1)
  2 hobgoblins (D:1)
  4 jackals
  5 kobolds
  6 quokkas
  A ball python zombie (D:5)
  A frilled lizard (D:1)
  A goblin zombie (D:6)
  A jackal zombie (D:5)
  A leopard gecko skeleton (D:4)
  An orc zombie (D:6)
  2 fungi
  6 plants
504 creatures vanquished.

Vanquished Creatures (collateral kills)
  A hydra (D:14)
  A centaur zombie (D:11)
  A jelly (D:11)
3 creatures vanquished.

Vanquished Creatures (others)
  An unseen horror (D:14)
  2 humans (D:12)
  A water moccasin (D:12)
  A black bear (D:12)
  A wight (D:12)
  A plant (Lair:3)
7 creatures vanquished.

Grand Total: 514 creatures vanquished

Notes
Turn   | Place    | Note
-------+----------+-------------------------------------------
     0 | D:1      | Flugslaktarn the Deep Dwarf Fighter began the quest for the
                  | Orb.
     0 | D:1      | Reached XP level 1. HP: 20/20 MP: 1/1
   112 | D:2      | Reached XP level 2. HP: 24/27 MP: 2/2
   144 | D:2      | Reached skill level 3 in Axes
   144 | D:2      | Reached XP level 3. HP: 24/33 MP: 3/3
   189 | D:3      | Found an opulent altar of Gozag.
   237 | D:3      | Found a shadowy altar of Dithmenos.
   284 | D:4      | Reached XP level 4. HP: 38/42 MP: 3/3
   295 | D:4      | Found a shattered altar of Ashenzari.
   381 | D:4      | Found the +7 pair of quick blades "Gyre" and "Gimble"
                  | {protect}
   491 | D:4      | Found a staircase to the Ecumenical Temple.
   506 | D:4      | Noticed an ogre
   518 | D:4      | Killed an ogre
   518 | D:4      | Reached skill level 4 in Axes
   518 | D:4      | Reached XP level 5. HP: 24/49 MP: 4/4
   530 | Temple   | Entered the Ecumenical Temple
   640 | D:4      | Found a blossoming altar of Fedhas.
   756 | D:4      | Found a bloodstained altar of Trog.
   861 | D:4      | Found a hazy altar of Hepliaklqana.
  1176 | D:4      | Reached XP level 6. HP: 35/56 MP: 5/5
  1404 | D:5      | Entered Level 5 of the Dungeon
  1404 | D:5      | Found a shimmering altar of Xom.
  1404 | D:5      | Noticed an angel
  1405 | D:5      | Found a glowing silver altar of Zin.
  1412 | D:5      | Reached skill level 5 in Axes
  1469 | D:5      | Noticed Prince Ribbit
  1492 | D:5      | Reached XP level 7. HP: 46/64 MP: 6/6
  1501 | D:5      | Killed Prince Ribbit
  1501 | D:5      | Reached skill level 6 in Axes
  1501 | D:5      | Reached skill level 5 in Armour
  1501 | D:5      | Reached skill level 5 in Shields
  1533 | D:5      | Noticed Blork the orc
  1546 | D:5      | Killed Blork the orc
  1696 | D:5      | Noticed Sigmund
  1711 | D:5      | Killed Sigmund
  1711 | D:5      | Reached XP level 8. HP: 43/73 MP: 5/5
  1811 | D:5      | Reached skill level 7 in Axes
  2117 | D:6      | Reached skill level 5 in Fighting
  2205 | D:6      | Found a burning altar of Makhleb.
  2218 | D:6      | Found a sand-covered staircase.
  2257 | D:6      | Reached skill level 8 in Axes
  2313 | D:6      | Found a large runed translucent door.
  2314 | D:6      | Found a large runed translucent door.
  2342 | D:6      | Found a large runed translucent door.
  2342 | D:6      | Found a large runed translucent door.
  2356 | D:6      | Got a scorched tin ring
  2599 | D:6      | Gained mutation: You passively map the area around you.
                  | [Deep Dwarf growth]
  2599 | D:6      | Reached XP level 9. HP: 47/81 MP: 5/5
  2612 | D:6      | Identified the ring of the Shining Light {rElec rF- rCorr
                  | Dex+2} (You found it on level 6 of the Dungeon)
  2814 | D:7      | Found Alotedig's Book Boutique.
  2828 | D:7      | Reached skill level 9 in Axes
  3073 | D:6      | Became a worshipper of Makhleb the Destroyer
  3409 | D:8      | Reached skill level 1 in Invocations
  3427 | D:8      | Reached skill level 10 in Axes
  3514 | D:8      | Reached * piety under Makhleb
  3605 | D:8      | Found an ancient bone altar of Kikubaaqudgha.
  3664 | D:8      | Reached XP level 10. HP: 55/92 MP: 8/8
  3752 | D:8      | Found a staircase to the Lair.
  3776 | D:8      | Noticed a two-headed ogre
  3792 | D:8      | Killed a two-headed ogre
  4053 | D:8      | Reached skill level 11 in Axes
  4750 | D:9      | Reached skill level 5 in Invocations
  5233 | D:9      | Found a staircase to the Orcish Mines.
  5320 | D:9      | Identified a scroll of acquirement
  5321 | D:9      | Identified the +1 pair of gloves of the Unbroken {Dex+4}
                  | (You acquired it on level 9 of the Dungeon)
  5534 | D:10     | Entered Level 10 of the Dungeon
  5543 | D:10     | Noticed a two-headed ogre
  5563 | D:10     | Killed a two-headed ogre
  5585 | D:10     | Noticed Nergalle
  5608 | D:10     | Killed Nergalle
  5608 | D:10     | Reached skill level 12 in Axes
  5608 | D:10     | Reached XP level 11. HP: 40/102 MP: 6/6
  5662 | D:10     | Reached ** piety under Makhleb
  5834 | D:10     | Killed an unseen horror
  5864 | D:10     | Noticed a tengu warrior
  5982 | D:10     | Killed a tengu warrior
  6537 | D:11     | Noticed a brown ugly thing
  6542 | D:11     | Noticed Gastronok
  6556 | D:10     | Reached *** piety under Makhleb
  6802 | D:11     | Killed a brown ugly thing
  6802 | D:11     | Reached skill level 13 in Axes
  6802 | D:11     | Reached skill level 10 in Armour
  6934 | D:11     | Noticed a two-headed ogre
  6942 | D:11     | HP: 5/104 [two-headed ogre/+0 giant club (20)]
  6943 | D:11     | Killed a two-headed ogre
  7038 | D:11     | Killed an unseen horror
  7231 | D:11     | Killed Gastronok
  7231 | D:11     | Reached XP level 12. HP: 108/112 MP: 5/5
  7390 | D:12     | Noticed Josephine
  7398 | D:12     | Killed Josephine
  7405 | D:12     | Reached skill level 14 in Axes
  7413 | D:12     | Reached **** piety under Makhleb
  7521 | D:12     | Noticed a two-headed ogre
  7528 | D:12     | Killed a two-headed ogre
  7571 | D:12     | Noticed Kirke
  7607 | D:12     | Killed Kirke
  7607 | D:12     | Reached skill level 10 in Invocations
  8095 | D:13     | Got an encrusted scale mail
  8189 | D:13     | Noticed Azrael
  8196 | D:13     | Reached ***** piety under Makhleb
  8202 | D:13     | Reached XP level 13. HP: 84/122 MP: 7/7
  8220 | D:13     | Killed Azrael
  8220 | D:13     | Reached skill level 15 in Axes
  8255 | D:13     | Noticed Urug
  8259 | D:13     | Found a gate to the Vaults.
  8264 | D:13     | Killed Urug
  8271 | D:13     | Reached skill level 10 in Fighting
  8963 | D:14     | Noticed Agnes
  8984 | D:14     | Killed Agnes
  9020 | D:14     | Reached skill level 16 in Axes
  9614 | D:14     | Gained mutation: You resist negative energy. (rN+) [Deep
                  | Dwarf growth]
  9614 | D:14     | Reached XP level 14. HP: 133/133 MP: 8/8
  9909 | D:14     | You fall into a shaft and drop 1 floor!
  9909 | D:15     | Entered Level 15 of the Dungeon
  9909 | D:15     | Found a staircase to the Depths.
 10395 | Lair:1   | Entered Level 1 of the Lair of Beasts
 10623 | Lair:2   | Reached ****** piety under Makhleb
 10761 | Lair:2   | Found a hole to the Spider Nest.
 10830 | Lair:2   | You fall into a shaft and drop 1 floor!
 11710 | Lair:3   | Found a transporter.
 11836 | Lair:3   | Found a transporter.
 12349 | Spider:1 | Entered Level 1 of the Spider Nest
 12368 | Spider:1 | Reached skill level 17 in Axes
 12848 | Spider:3 | Noticed an entropy weaver
 12878 | Spider:3 | HP: 5/135 [wolf spider (4)]
 12878 | Spider:3 | HP: 1/135 [redback (4)]
 12879 | Spider:3 | Demolished by a wolf spider

Levels and vault maps discovered:
D:1:      onia_arrival_pyramid, layout_rooms
D:2:      layout_rooms, okawaru_metal_pillars_1_2, minmay_tetromino_s4
D:3:      minmay_goblin_kobold_castle, layout_loops_ring,
          nicolae_dithmenos_shadow_blocks, elyvilon_altar_5,
          lemuel_crystal_altar, doesnt_xom_only_xom
D:4:      layout_layer_cave, fedhas_ov_isle_minmay, kennysheep_mini_moat,
          bloody_trog, minmay_temple_entry_junction_2, first_ration,
          ashenzari_altar_1
D:5:      layout_loops_ring, grunt_temple_overflow_order_and_chaos_1,
          water_boxes_lemuel, uniq_sigmund, uniq_prince_ribbit1,
          uniq_blork_the_orc
D:6:      layout_gridville, nicolae_overflow_hidden_temple, enter_ossuary_3,
          hangedman_decor_lopped, minmay_hollow_rounded_squares
D:7:      layout_loops_ring, serial_shops, shop
D:8:      layout_layer_cave, kennysheep_little_box, minmay_lair_entry_grove
D:9:      layout_loops_ring, david_orc_1_choice
D:10:     layout_irregular_city, hangedman_fish_farm, minmay_joined_circles,
          uniq_nergalle
D:11:     layout_small_grid, uniq_gastronok
D:12:     layout_loops_ring, uniq_josephine, uniq_kirke
D:13:     layout_roguey, david_vaults_3, uniq_azrael
D:14:     layout_layer_cave, uniq_agnes
D:15:     gammafunk_depths_entry_grave, layout_cave_pools,
          nicolae_gozag_cash_rules_everything_around_me
Temple:   cyrus_temple_forest
Lair:1:   layout_hall_layers, chequers_serial_rivers_micro_d,
          wad_woods_river_01, uniq_joseph
Lair:2:   regret_index_tunnel_blossom, layout_gridlike, dummy_spider_entry,
          zaba_antful_of_joy
Lair:3:   gammafunk_cloud_chamber, layout_long_grid, serial_forest,
          infiniplex_forest_join, infiniplex_forest_split,
          infiniplex_forest_join, infiniplex_forest_corner_2,
          infiniplex_forest_zigzag_2, infiniplex_forest_straight_2,
          infiniplex_forest_clump_small, infiniplex_forest_end_1,
          infiniplex_forest_lined_3, enter_volcano_2, worms_lemuel,
          infiniplex_staircase_pool_2, serial_bayou_shore_a
Spider:1: layout_chambers
Spider:2: layout_spider_delve
Spider:3: layout_spider_delve

Skill      XL: |  1  2  3  4  5  6  7  8  9 10 11 12 13 14 |
---------------+-------------------------------------------+-----
Axes           | 3 4 5 6 8 10 12 13 14 16 17 | 17.4
Fighting       | 3 4 5 6 7 8 9 10 11 | 11.3
Armour         | 4 5 6 8 9 10 11 12 13 | 13.2
Shields        | 4 5 6 |  6.3
Invocations    | 3 6 8 10 12 13 | 13.2

Action                   |  1- 3 |  4- 6 |  7- 9 | 10-12 | 13-15 || total
-------------------------+-------+-------+-------+-------+-------++-------
Melee: War axe           |    57 |    91 |   152 |       |       ||   300
       Battleaxe         |       |       |   163 |   622 |   762 ||  1547
       Broad axe         |       |       |       |    21 |       ||    21
       Unarmed           |       |       |       |     1 |       ||     1
Invok: Lesser Servant of |       |       |       |     1 |     2 ||     3
 Abil: Heal Wounds       |     4 |     6 |    17 |    27 |    19 ||    73
Evoke: Wand              |       |       |       |       |     2 ||     2
  Use: Scroll            |       |       |     5 |    16 |     8 ||    29
       Potion            |       |       |     1 |     2 |     5 ||     8
  Eat: Chunk             |       |     2 |     8 |    16 |    11 ||    37
       Ration            |       |       |       |     1 |     2 ||     3
Armor: Scale mail        |    56 |    27 |    82 |       |       ||   165
       Chain mail        |       |       |    68 |    56 |       ||   124
       Plate armour      |       |       |       |   640 |   801 ||  1441
Dodge: Dodged            |    23 |    20 |   142 |   290 |   451 ||   926
Block: Kite shield       |    38 |    56 |    89 |       |       ||   183

Table legend:
 A = Non-vault XP
 B = Vault XP
 C = Vault XP percentage of total XP
 D = Non-vault monster count
 E = Vault monster count
 F = Vault count percentage of total count
                 A         B        C        D         E       F
            +---------+---------+-------+---------+---------+-------
      Total |   58995 |   33218 |  36.0 |     331 |     169 |  33.8
            +---------+---------+-------+---------+---------+-------
        D:1 |      11 |       0 |   0.0 |       6 |       0 |   0.0
        D:2 |      30 |       0 |   0.0 |       4 |       0 |   0.0
        D:3 |      20 |       0 |   0.0 |       2 |       0 |   0.0
        D:4 |     388 |       0 |   0.0 |      14 |       0 |   0.0
        D:5 |     880 |     581 |  39.8 |      20 |       3 |  13.0
        D:6 |     515 |     450 |  46.6 |       8 |      11 |  57.9
        D:7 |    1062 |       0 |   0.0 |      16 |       0 |   0.0
        D:8 |    2099 |    1524 |  42.1 |      22 |      13 |  37.1
        D:9 |    1448 |     494 |  25.4 |       8 |       9 |  52.9
       D:10 |    3503 |    4018 |  53.4 |      31 |      20 |  39.2
       D:11 |    4280 |    2161 |  33.6 |      25 |       1 |   3.8
       D:12 |    6439 |    4636 |  41.9 |      33 |       9 |  21.4
       D:13 |    9142 |    8679 |  48.7 |      44 |      26 |  37.1
       D:14 |   14015 |    2021 |  12.6 |      40 |       1 |   2.4
       D:15 |      50 |       0 |   0.0 |       1 |       0 |   0.0
     Lair:1 |     143 |       0 |   0.0 |       1 |       0 |   0.0
     Lair:2 |    1141 |    8003 |  87.5 |       7 |      70 |  90.9
     Lair:3 |    1047 |     651 |  38.3 |       6 |       6 |  50.0
   Spider:1 |    2199 |       0 |   0.0 |       8 |       0 |   0.0
   Spider:2 |    9624 |       0 |   0.0 |      31 |       0 |   0.0
   Spider:3 |     959 |       0 |   0.0 |       4 |       0 |   0.0
            +---------+---------+-------+---------+---------+-------
